 Dungeon Crawl Stone Soup version 0.21.1-1-g345015f (webtiles) character file.

15434 tyranidshit the Fighter (level 12, -7/101 HPs)
             Began as a Demonspawn Abyssal Knight on June 10, 2018.
             Was a High Priest of Lugonu.
             Mangled by an ice devil (22 damage)
             ... on level 1 of the Lair of Beasts.
             The game lasted 00:50:47 (11213 turns).

tyranidshit the Fighter (DsAK)                     Turns: 11213, Time: 00:50:50

Health: -7/101     AC: 16    Str: 18      XL:     12   Next: 1%
Magic:  20/20      EV:  5    Int: 14 (15) God:    Lugonu [*****.]
Gold:   574        SH:  0    Dex: 11 (13) Spells: 10/11 levels left

rFire    . . .     SeeInvis .   y - +5 broad axe (vamp)
rCold    . . .     Gourm    .   (no shield)
rNeg     . . .     Faith    .   B - +0 plate armour
rPois    +         Spirit   .   (helmet unavailable)
rElec    .         Reflect  .   g - +2 cloak
rCorr    +         Harm     .   n - +1 pair of gloves
MR       .....                  (no boots)
Stlth    ..........             (no amulet)
HPRegen  0.26/turn              d - ring of poison resistance
MPRegen  0.17/turn              H - ring of resist corrosion

@: studying Short Blades
A: hooves 1, horns 3, rugged brown scales 1, deterioration 2, nightstalker 2,
powered by death 2, strong 1
a: Depart the Abyss, Bend Space, Banish, Corrupt, Enter the Abyss, Renounce
Religion


You were on level 1 of the Lair of Beasts.
You worshipped Lugonu.
Lugonu was extremely pleased with you.
You were not hungry.

You visited 3 branches of the dungeon, and saw 13 of its levels.
You visited the Abyss 1 time.
You also visited: Labyrinth and Bailey.

You collected 819 gold pieces.
You spent 245 gold pieces at shops.

Inventory:

Hand Weapons
 i - a +0 blowgun
 w - the +4 flail "Fokuuv" {flame, *Slow rF+++ rC- Int+5}
   (You found it on level 10 of the Dungeon)

   It has been specially enchanted to burn those struck by it, causing extra
   injury to most foes and up to half again as much damage against particularly
   susceptible opponents.
   It affects your intelligence (+5).
   It renders you almost immune to fire.
   It makes you vulnerable to cold.
   It may slow you when you take damage.
 y - a +5 vampiric broad axe (weapon)
 D - a +0 broad axe
 G - a +0 scimitar of flaming
Missiles
 l - 53 poisoned needles
 L - 22 arrows
Armour
 e - a +1 hat of magic resistance
 g - a +2 cloak (worn)
 n - a +1 pair of gloves (worn)
 B - a +0 plate armour (worn)
Magical Staves
 K - an uncursed staff of wizardry {unknown}
Jewellery
 d - a ring of poison resistance (left hand)
 p - an uncursed ring of flight
 F - an uncursed ring of magical power
 H - a ring of resist corrosion (right hand)
Wands
 h - a wand of flame (55)
 r - a wand of polymorph (8)
 u - a wand of random effects (44)
 z - a wand of iceblast (4)
Scrolls
 a - a scroll of teleportation
 j - a scroll of blinking
 k - a scroll of magic mapping
 m - 3 scrolls of random uselessness
 o - 3 scrolls of amnesia
 q - 2 scrolls of identify
 t - 5 scrolls of remove curse
 v - 3 scrolls of fear
 x - a scroll of brand weapon
Potions
 f - 4 potions of curing
 I - a potion of flight
Books
 s - a book of Cantrips

   Spells                             Type                      Level
   a - Confusing Touch                Hexes                        1
   b - Animate Skeleton               Necromancy                   1
   c - Summon Small Mammal            Summoning                    1
   d - Apportation                    Translocation                1
 A - a book of Geomancy

   Spells                             Type                      Level
   a - Sandblast                      Earth                        1
   b - Passwall                       Transmutation/Earth          2
   c - Stone Arrow                    Conjuration/Earth            3
   d - Petrify                        Transmutation/Earth          4
   e - Lee's Rapid Deconstruction     Earth                        5
 E - the Handbook of the Arsonist and Envenoming
   (You found it in a labyrinth)

   Spells                             Type                      Level
   a - Throw Flame                    Conjuration/Fire             2
   b - Poisonous Vapours              Poison/Air                   2
   c - Mephitic Cloud                 Conjuration/Poison/Air       3
   d - Bolt of Fire                   Conjuration/Fire             6
   e - Ring of Flames                 Charms/Fire                  7
 J - a manual of Short Blades
Miscellaneous
 b - a lightning rod (4/4)
 C - a lightning rod (4/4)
Comestibles
 c - 13 rations


   Skills:
 - Level 10.7 Fighting
 - Level 10.0 Axes
 + Level 1.7 Armour
 - Level 0.8 Dodging
 - Level 10.7 Invocations
 - Level 10.1 Evocations


You had 10 spell levels left.
You knew the following spells:

 Your Spells              Type           Power        Failure   Level  Hunger
a - Apportation           Tloc           #.....       100%        1    ##.....


Dungeon Overview and Level Annotations

Branches:
Dungeon (11/15)            Temple (1/1) D:7            Lair (1/6) D:11
    Orc: D:9-12

Altars:
Ashenzari
Cheibriados
Dithmenos
Elyvilon
Fedhas
Gozag
Hepliaklqana
Kikubaaqudgha
Makhleb
Nemelex Xobeh
Okawaru
Qazlal
Ru
Sif Muna
Trog
Uskayaw
Vehumet
Wu Jian
Xom
Yredelemnul
Zin
The Shining One

Shops:
D:8 [*%(

Portals:
Ice
Cave: Lair:1

Annotations:
D:8 shugdite's ghost, novice MiFi


Innate Abilities, Weirdness & Mutations

You have a pair of large horns on your head.
You are partially covered in rugged brown scales. (AC +1, +3% HP)
You are significantly more attuned to the shadows.
You regenerate health from kills.
You have large cloven feet.
Your body often deteriorates upon taking damage.
Your muscles are strong. (Str +2)


Message History

Found 23 stones.
J - a manual of Short Blades You hear the steady crackling of a melting archway nearby.
You open the door.
An ice devil comes into view.
There is an open door here.
An ice devil comes into view.
The ice devil hits you. The ice devil freezes you!!
* * * LOW HITPOINT WARNING * * *
Found a frozen archway.
You hit the ice devil but do no damage.
The ice devil hits you but does no damage.
Your plate armour prevents you from hitting the ice devil.
You kick the ice devil, but do no damage.
You headbutt the ice devil.
The ice devil is lightly wounded.
The ice devil hits you!
* * * LOW HITPOINT WARNING * * *
The ice devil freezes you!!
You die...

## ##.# .# ### ##..# .#
#.#######...# .###......##..##
..##.......(...####
............#.....#
............###'#+#
##..........# #...#
...##.......# ##@## ####
.......#....#**#4#**###..##
...####.....#*,.4.,*#.....##
...# #.#...#*.....*##.....##
..############.....###....#.#
..##...##...##..∩..##......####
..#....#....#*******#.>.......#
...#........#########..#......#
..........####...#.##.###....##


You could see 2 ice devils.

Vanquished Creatures
  A minotaur (Lab)
  A hydra (D:11)
  Erica (Lair:1)
  A two-headed ogre (D:11)
  Pikel (D:8)
  2 spiny frogs (Lair:1)
  A centaur skeleton (D:10)
  A kobold demonologist (D:11)
  2 trolls
  The ghost of nulman the Chopper, an amateur HOMo (D:5)
  The ghost of Iko the Cudgeler, an amateur FoCK of Xom (D:9)
  Prince Ribbit (D:6)
  3 hornets (D:8)
  A hippogriff (Lair:1)
  A hungry ghost (D:8)
  A water moccasin (Lair:1)
  The ghost of inc the Digger, an amateur OpEE (D:3)
  A soldier ant (D:8)
  Duvessa (D:5)
  4 orc warriors
  4 sky beasts
  3 slaves (D:8)
  2 ice beasts
  A black bear (D:11)
  An eye of draining (D:7)
  5 phantoms
  8 ogres
  3 wolves (Lair:1)
  7 centaurs
  2 big kobolds (D:11)
  2 crocodiles
  7 bullfrogs
  Dowan (D:5)
  A water moccasin zombie (D:9)
  7 scorpions
  5 killer bees (D:11)
  14 wights
  3 howler monkeys (D:7)
  5 jellies
  A bullfrog zombie (D:5)
  3 crimson imps
  A gnoll shaman (D:5)
  10 orc priests
  6 hounds
  3 centaur zombies
  7 iguanas
  2 bullfrog skeletons
  23 orc wizards
  8 worker ants
  A hound zombie (D:9)
  A worker ant zombie (D:5)
  A howler monkey zombie (D:6)
  16 adders
  7 gnolls
  2 howler monkey skeletons
  A shadow imp (D:10)
  An ooze (D:4)
  A dart slug (D:1)
  4 worms
  11 leopard geckos
  33 orcs
  A giant cockroach (D:6)
  10 goblins
  8 hobgoblins
  6 jackals
  6 quokkas
  A ball python (D:3)
  14 bats
  3 frilled lizards
  14 kobolds
  A leopard gecko skeleton (D:5)
  2 leopard gecko zombies
  8 rats
  A plant (Lair:1)
326 creatures vanquished.

Vanquished Creatures (others)
  The ghost of KeyboardFingers the Cruncher, a journeyman MiBe of Trog (D:11)
  A two-headed ogre (D:11)
  An orc knight (Bailey)
  4 orc warriors (Bailey)
  5 goblins (Bailey)
  3 hobgoblins (Bailey)
  9 kobolds (Bailey)
  2 starspawn tentacles (Bailey)
26 creatures vanquished.

Grand Total: 352 creatures vanquished

Notes
Turn   | Place    | Note
-------+----------+-------------------------------------------
     0 | Abyss:1  | tyranidshit the Demonspawn Abyssal Knight began the quest for the Orb.
     0 | Abyss:1  | Reached XP level 1. HP: 18/18 MP: 2/2
    46 | Abyss:2  | Noticed a small abomination
    48 | D:1      | Escaped the Abyss
    74 | D:1      | Reached * piety under Lugonu
   154 | D:1      | Gained mutation: You have a pair of small horns on your head. [demonic ancestry]
   154 | D:1      | Reached XP level 2. HP: 19/24 MP: 3/3
   480 | D:2      | Gained mutation: You are slightly more attuned to the shadows. [demonic ancestry]
   480 | D:2      | Reached XP level 3. HP: 22/30 MP: 4/4
   770 | D:2      | Reached ** piety under Lugonu
  1304 | D:2      | Reached XP level 4. HP: 36/38 MP: 5/5
  1549 | D:2      | Reached skill level 5 in Fighting
  1761 | D:3      | Gained mutation: Scrolls take you a little longer to read. [potion of mutation]
  1761 | D:3      | Gained mutation: You tend to lose your temper in combat. [potion of mutation]
  1761 | D:3      | Lost mutation: You tend to lose your temper in combat. [potion of mutation]
  1788 | D:3      | Gained mutation: You are significantly more attuned to the shadows. [demonic ancestry]
  1788 | D:3      | Reached XP level 5. HP: 35/46 MP: 6/6
  1792 | D:3      | Noticed inc's ghost (amateur OpEE)
  1807 | D:3      | Killed inc's ghost
  1871 | D:3      | Gained mutation: You are partially covered in rugged brown scales. (AC +1, +3% HP) [demonic ancestry]
  1871 | D:3      | Reached XP level 6. HP: 38/54 MP: 7/7
  2632 | D:4      | Reached *** piety under Lugonu
  2742 | D:4      | Gained mutation: You regenerate a little health from kills. [demonic ancestry]
  2742 | D:4      | Reached XP level 7. HP: 47/63 MP: 8/8
  2754 | D:4      | Found a shimmering altar of Xom.
  3001 | D:4      | Learned a level 1 spell: Apportation
  3589 | D:5      | Entered Level 5 of the Dungeon
  3764 | D:5      | Noticed Duvessa
  3777 | D:5      | Noticed Dowan
  3778 | D:5      | Noticed nulman's ghost (amateur HOMo)
  3790 | D:5      | Killed Duvessa
  3790 | D:5      | Gained mutation: You have a pair of horns on your head. [demonic ancestry]
  3790 | D:5      | Reached XP level 8. HP: 33/74 MP: 9/9
  3792 | D:5      | Reached skill level 10 in Fighting
  3841 | D:5      | HP: 3/74 [nulman's ghost (6)]
  3843 | D:5      | Killed nulman's ghost
  3853 | D:5      | Killed Dowan
  4059 | D:5      | Found a bloodstained altar of Trog.
  4549 | D:5      | Reached skill level 5 in Axes
  4640 | D:6      | Reached XP level 9. HP: 66/81 MP: 10/10
  4671 | D:6      | Reached **** piety under Lugonu
  4693 | D:6      | Noticed Prince Ribbit
  5417 | D:6      | Killed Prince Ribbit
  5620 | D:7      | Found a staircase to the Ecumenical Temple.
  5642 | Temple   | Entered the Ecumenical Temple
  5996 | D:7      | Found a bloodstained altar of Trog.
  6393 | D:8      | Found Vuluddeana's Assorted Antiques.
  6399 | D:8      | Bought a runed broad axe for 245 gold pieces
  6410 | D:8      | Reached XP level 10. HP: 55/88 MP: 11/11
  6488 | D:8      | Found Ypsymoik's Antique Weapon Shoppe.
  6528 | D:8      | Found Umilof's Food Emporium.
  6577 | D:8      | Found Burr's Armour Boutique.
  6601 | D:8      | Reached ***** piety under Lugonu
  6613 | D:8      | Reached skill level 10 in Axes
  6693 | D:8      | Reached skill level 1 in Evocations
  7028 | D:8      | Reached skill level 5 in Invocations
  7070 | D:8      | Noticed Pikel
  7085 | D:8      | Killed Pikel
  7223 | D:8      | Noticed shugdite's ghost (novice MiFi)
  7514 | D:9      | Reached skill level 5 in Evocations
  7642 | D:9      | Found a flagged portal.
  7642 | D:9      | Noticed Iko's ghost (amateur FoCK)
  7653 | D:9      | Killed Iko's ghost
  7660 | Bailey   | Entered a bailey
  7674 | Bailey   | Lost mutation: Scrolls take you a little longer to read. [potion of mutation]
  7674 | Bailey   | Gained mutation: Your body sometimes deteriorates upon taking damage. [potion of mutation]
  7674 | Bailey   | Gained mutation: Your muscles are strong. (Str +2) [potion of mutation]
  7674 | Bailey   | Gained mutation: Your body often deteriorates upon taking damage. [potion of mutation]
  7674 | Bailey   | Gained mutation: You have large cloven feet. [potion of mutation]
  7727 | Bailey   | Corrupted Bailey
  7727 | Bailey   | Noticed a tentacled starspawn
  7727 | Bailey   | Noticed an orb spider
  7727 | Bailey   | Noticed a purple very ugly thing
  7740 | Bailey   | Noticed a worldbinder
  7744 | Bailey   | Noticed a smoke demon
  7746 | Bailey   | Noticed a lich
  7755 | Bailey   | Killed an orc knight
  7762 | Bailey   | Noticed a hell beast
  7835 | Bailey   | Noticed a smoke demon
  7848 | Bailey   | Noticed an apocalypse crab
  8470 | D:9      | Gained mutation: You regenerate health from kills. [demonic ancestry]
  8470 | D:9      | Reached XP level 11. HP: 94/94 MP: 15/17
  8488 | D:9      | Identified a scroll of acquirement
  8764 | D:10     | Entered Level 10 of the Dungeon
  9159 | D:10     | Found a burning altar of Makhleb.
  9177 | D:10     | Got a jewelled flail
  9178 | D:10     | Identified the +4 flail "Fokuuv" {flame, *Slow rF+++ rC- Int+5} (You found it on level 10 of the Dungeon)
  9258 | D:10     | Found a burning altar of Makhleb.
  9260 | D:10     | Noticed a cacodemon
 10005 | D:11     | Noticed a two-headed ogre
 10013 | D:11     | Killed a two-headed ogre
 10018 | D:11     | HP: 4/94 [something (6)]
 10067 | D:11     | Noticed KeyboardFingers's ghost (journeyman MiBe)
 10086 | D:11     | Banished KeyboardFingers's ghost
 10183 | D:11     | Reached skill level 10 in Invocations
 10205 | D:11     | Found a staircase to the Lair.
 10463 | D:11     | Noticed a six-headed hydra
 10475 | D:11     | Killed a six-headed hydra
 10500 | D:11     | Noticed a two-headed ogre
 10506 | D:11     | Banished a two-headed ogre
 10766 | Lair:1   | Entered Level 1 of the Lair of Beasts
 10879 | Lair:1   | Found a labyrinth entrance.
 10886 | Lab      | Entered a labyrinth
 10977 | Lab      | Noticed a minotaur
 10989 | Lab      | Killed a minotaur
 10994 | Lab      | Identified the Handbook of the Arsonist and Envenoming
 10996 | Lab      | Got a brightly glowing scale mail
 11006 | Lair:1   | Identified the cursed +0 scale mail "Awujaib" {MR++ Int+8 Dex-4} (You found it in a labyrinth)
 11107 | Lair:1   | Noticed Erica
 11128 | Lair:1   | Killed Erica
 11171 | Lair:1   | Reached skill level 10 in Evocations
 11189 | Lair:1   | Gained mutation: You have a pair of large horns on your head. [demonic ancestry]
 11189 | Lair:1   | Reached XP level 12. HP: 44/101 MP: 20/20
 11211 | Lair:1   | Found a frozen archway.
 11213 | Lair:1   | Mangled by an ice devil

Skill      XL: |  1  2  3  4  5  6  7  8  9 10 11 |
---------------+----------------------------------+-----
Fighting       | 4 5 6 8 9 10 | 10.7
Axes           | 5 9 10 | 10.0
Invocations    | 8 10 | 10.7
Evocations     | 5 10 | 10.1
Armour         | |  1.7
Dodging        | |  0.8

Action                   |  1- 3 |  4- 6 |  7- 9 | 10-12 || total
-------------------------+-------+-------+-------+-------++-------
Melee: Hand axe          |   112 |   160 |   360 |       ||   632
       Headbutt          |     7 |    20 |    74 |    92 ||   193
       War axe           |       |     2 |   130 |       ||   132
       Broad axe         |       |       |     4 |   478 ||   482
       Kick              |       |       |       |    80 ||    80
Invok: Depart the Abyss  |     1 |       |       |       ||     1
       Corrupt           |       |       |       |     1 ||     1
       Banish            |       |       |       |     3 ||     3
Evoke: Wand              |       |       |     6 |    11 ||    17
  Use: Scroll            |     6 |     3 |     7 |    15 ||    31
       Potion            |     1 |     6 |     6 |     5 ||    18
  Eat: Chunk             |     1 |       |     2 |     4 ||     7
       Ration            |       |     2 |     4 |     9 ||    15
Armor: Leather armour    |    23 |       |       |       ||    23
       Chain mail        |    18 |   114 |   328 |   160 ||   620
       Plate armour      |       |       |       |   335 ||   335
Dodge: Dodged            |    83 |    44 |   136 |   190 ||   453
